AoeStats
← TowersAreArmy

Hill Fort

505838649Analyzed
4v4 RM · 20d ago on Sep 11, 2026· 58m 42s· 8 players
Game mode
Random Map
Map size
Large (8 player)
Population
200
Speed
Normal
Resources
Standard
Victory
Conquest
Starting age
Dark Age
Ending age
Imperial Age
RankedLock teamsTeams togetherTeam positionsShared explorationLock speedFull tech treeHidden civsTurbo modeCheats
Victory
Defeat
🇧🇷 Aztecs · Brazil
1676
+13
🇳🇱 Lithuanians · Netherlands
1642
+14
🇺🇦 Malay · Ukraine
1631
+15
🇨🇦 Teutons · Canada
1553
+19
1688
-18
🇩🇪 Vikings · Germany
1652
-17
🇦🇺 Magyars · Australia
1547
-13
🇺🇸 Tatars · United States
1542
-13
Ouch
10:17 Loom
12:44 Feudal Age
13:04 Town Watch
16:05 Castle Age
14:15 Double-Bit Axe
15:07 Horse Collar
23:56 Bow Saw
27:52 Wheelbarrow
28:29 Gold Mining
30:43 Stone Mining
31:28 Gold Shaft Mining
30:54 Heavy Plow
31:39 Hand Cart
35:58 Imperial Age
33:19 Fletching
33:59 Bodkin Arrow
34:04 Padded Archer Armor
33:32 Crossbowman
35:33 Ballistics
35:25 Bracer
35:41 Leather Archer Armor
35:33 Arbalester
37:25 Chemistry
36:40 Thumb Ring
37:43 Conscription
39:48 Ring Archer Armor
41:20 Crop Rotation
42:28 Stone Shaft Mining
43:44 Coinage
43:14 Caravan
43:27 Forging
44:50 Iron Casting
44:56 Banking
45:13 Guilds
44:35 Pikeman
45:15 Squires
47:29 Masonry
47:52 Siege Engineers
50:19 Blast Furnace
48:40 Halberdier
49:06 Arson
50:55 Caravan
57:13 Elite Skirmisher
58:07 Capped Ram
iThink
10:12 Feudal Age
14:19 Castle Age
16:28 Loom
23:40 Scale Barding Armor
25:53 Forging
27:14 Horse Collar
27:26 Double-Bit Axe
29:43 Chain Barding Armor
36:23 Wheelbarrow
37:15 Bow Saw
41:59 Imperial Age
41:13 Gold Mining
41:23 Heavy Plow
42:04 Elite Leitis
43:28 Bloodlines
43:19 Husbandry
44:06 Plate Barding Armor
45:30 Iron Casting
50:24 Conscription
49:38 Light Cavalry
51:14 Winged Hussar
54:04 Caravan
TowersAreArmy
7:08 Loom
9:58 Feudal Age
10:30 Man-at-Arms
10:57 Double-Bit Axe
13:19 Fletching
22:40 Castle Age
23:40 Bodkin Arrow
24:02 Guard Tower
32:00 Ballistics
32:56 Horse Collar
40:16 Heavy Plow
40:45 Town Watch
41:38 Wheelbarrow
40:56 Gold Mining
40:57 Stone Mining
45:56 Imperial Age
43:56 Scale Barding Armor
44:02 Forging
44:52 Hand Cart
45:00 Chain Barding Armor
45:41 Bloodlines
46:29 Iron Casting
46:46 Cavalier
48:02 Plate Barding Armor
48:52 Blast Furnace
48:16 Caravan
48:13 Paladin
53:31 Bow Saw
58:43 Two-Man Saw
Croccia
10:45 Feudal Age
12:13 Loom
14:57 Castle Age
13:02 Double-Bit Axe
14:38 Gold Mining
18:05 Bow Saw
23:25 Fervor
23:36 Sanctity
24:32 Wheelbarrow
26:46 Redemption
32:54 Imperial Age
31:05 Fletching
31:56 Hand Cart
32:23 Scale Mail Armor
32:59 Bodkin Arrow
34:24 Chain Mail Armor
33:32 Eagle Warrior
36:20 Squires
35:42 Elite Eagle Warrior
36:53 Plate Mail Armor
38:07 Forging
39:52 Iron Casting
40:51 Capped Ram
42:31 Ballistics
43:12 Chemistry
42:13 Bracer
43:58 Pikeman
45:21 Garland Wars
45:21 Conscription
45:45 Town Watch
47:48 Blast Furnace
48:52 Caravan
50:12 Siege Ram
51:26 Padded Archer Armor
53:48 Siege Engineers
57:15 Guard Tower
57:10 Arrowslits
daumasson
7:12 Loom
10:14 Feudal Age
11:01 Double-Bit Axe
15:32 Fletching
21:05 Castle Age
19:22 Padded Archer Armor
20:04 Gold Mining
19:56 Horse Collar
21:51 Bodkin Arrow
27:31 Imperial Age
25:19 Crossbowman
28:12 Bracer
27:41 Arbalester
30:02 Ballistics
32:09 Leather Archer Armor
33:01 Chemistry
40:06 Conscription
42:41 Leather Archer Armor
44:08 Ring Archer Armor
44:23 Bogsveigar
44:10 Elite Skirmisher
48:21 Elite Skirmisher
54:03 Murder Holes
deev
9:48 Feudal Age
15:16 Castle Age
13:47 Double-Bit Axe
14:19 Fletching
17:47 Bodkin Arrow
20:53 Bow Saw
23:41 Loom
24:33 Wheelbarrow
25:36 Ballistics
26:40 Padded Archer Armor
34:09 Imperial Age
34:54 Bracer
39:31 Chemistry
40:22 Leather Archer Armor
40:21 Husbandry
40:31 Bloodlines
41:24 Hand Cart
45:04 Ring Archer Armor
45:33 Heavy Cavalry Archer
47:21 Conscription
47:11 Silk Armor
48:36 Elite Skirmisher
Ginger lee fondle your meatballs
10:39 Feudal Age
11:06 Loom
14:48 Castle Age
13:19 Double-Bit Axe
16:14 Bow Saw
17:45 Fletching
30:53 Horse Collar
34:53 Imperial Age
32:20 Stone Mining
32:59 Gold Mining
36:37 Wheelbarrow
36:10 Town Watch
35:56 Pikeman
37:50 Capped Ram
39:14 Ballistics
49:28 Heavy Scorpion
50:59 Double Crossbow
53:26 Hand Cart
55:51 Hoardings
56:45 Caravan
57:21 Siege Ram
Soma
5:06 Loom
10:11 Feudal Age
11:00 Double-Bit Axe
18:43 Wheelbarrow
18:41 Horse Collar
21:31 Castle Age
20:53 Bloodlines
22:28 Fishing Lines
23:03 Stone Mining
23:03 Gold Mining
23:26 Bow Saw
23:43 Husbandry
23:50 Scale Barding Armor
25:18 Chain Barding Armor
32:23 Hand Cart
34:18 Heavy Plow
39:08 Imperial Age
39:14 Cavalier
40:31 Plate Barding Armor
41:41 Light Cavalry
42:37 Hussar
47:31 Corvinian Army
48:19 Town Watch
49:05 Crop Rotation
49:37 Two-Man Saw
49:00 Caravan
53:05 Conscription
52:16 Elite Magyar Huszar
Connection lost

Rejoining the realm…

Still unreachable

The connection could not be restored.

Session expired

The server has moved on; the page needs a fresh start.